 Dungeon Crawl Stone Soup version 0.25.1-2-g60ff931df9 (webtiles) character file.

Game seed: 1890302045701045457

44 DerDa the Magician (level 3, 0/24 HPs)
             Began as a Mummy Wizard on Oct 8, 2020.
             Slain by a hobgoblin
             ... wielding a +0 club
              (4 damage)
             ... on level 1 of the Dungeon.
             The game lasted 00:04:49 (1592 turns).

DerDa the Magician (Mummy Wizard)                   Turns: 1592, Time: 00:04:50

Health: 0/24       AC:  3    Str: 10    XL:     3   Next: 39%
Magic:  2/9        EV: 12    Int: 18    God:
Gold:   79         SH:  0    Dex: 10    Spells: 0/11 levels left

rFire    x . .     SeeInvis .   d - +1 short sword
rCold    + . .     Gourm    .   (no shield)
rNeg     + + +     Faith    .   a - +0 robe
rPois    ∞         Spirit   .   b - +0 hat
rElec    .         Reflect  .   j - +0 cloak (curse)
rCorr    .         Harm     .   (no gloves)
MR       .....     Rnd*Tele +   (no boots)
Stlth    ++........             (no amulet)
HPRegen  0.08/turn              f - ring of teleportation (curse)
MPRegen  0.11/turn              (no ring)

@: no status effects
A: no food or potions, fire vulnerability, cold resistance 1, negative energy
resistance 3, torment resistance, unbreathing
a: no special abilities


You were on level 1 of the Dungeon.
You were not hungry.

You visited 1 branch of the dungeon, and saw 2 of its levels.

You collected 79 gold pieces.

Inventory:

Hand Weapons
 d - a +1 short sword (weapon)
Missiles
 e - 22 sling bullets
Armour
 a - a +0 robe (worn)
 b - a +0 hat (worn)
 i - a +0 kite shield
 j - a cursed +0 cloak (worn)
Jewellery
 f - a cursed ring of teleportation (left hand)
Scrolls
 c - a scroll of identify
 g - a scroll of noise


   Skills:
 - Level 1.5 Dodging
 - Level 1.5 Stealth
 * Level 4.8 Spellcasting
 * Level 1.9 Conjurations
 - Level 0.7 Summonings
 - Level 0.7 Translocations
 + Level 0.1 Air Magic
 + Level 0.1 Poison Magic


You couldn't memorise any spells.
You knew the following spells:

 Your Spells              Type           Power        Failure   Level  Hunger
a - Magic Dart            Conj           ##..         6%          1    N/A
b - Mephitic Cloud        Conj/Pois/Air  #.......     30%         3    N/A
c - Call Imp              Summ           #.......     16%         2    N/A
e - Conjure Flame         Conj/Fire      #.......     26%         3    N/A
q - Blink                 Tloc           N/A          16%         2    N/A

Your spell library contained the following spells:

 Spells                   Type           Power        Failure   Level  Hunger
 Slow                     Hex            #.......     21%         2    N/A

Dungeon Overview and Level Annotations

Branches:
Dungeon (2/15)

Altars:


Innate Abilities, Weirdness & Mutations

You do not eat or drink.
Your flesh is vulnerable to fire.
You are immune to poison.
Your flesh is cold resistant. (rC+)
You are immune to negative energy. (rN+++)
You are immune to unholy pain and torment.
You can survive without breathing.


Message History

The gnoll closely misses you. The goblin hits you with a +0 club.
You see here a scroll labeled SOUXOI SIOVIOL.
The goblin hits you with a +0 club. The gnoll hits you with a +0 club.
The hobgoblin closely misses you. The goblin misses you.
The gnoll hits you but does no damage.
A gnoll comes into view. It is wielding a +0 mace.
The gnoll hits you with a +0 club.
The gnoll hits you from afar with a +0 spear!
* * * LOW HITPOINT WARNING * * *
The gnoll barely misses you. The gnoll closely misses you.
The gnoll barely misses you.
Your magical contamination has completely faded away.
There is a stone staircase leading up here.
The gnoll barely misses you. x2; The gnoll hits you but does no damage.
You climb upwards.
There is a stone staircase leading down here.
The hobgoblin hits you with a +0 club.
You die...

......#.######.#.####'######
..###........†.#.# #.......#
..# #.##.#######.# #.......#
..# #.#.......##.# #...!...#
..# #.#...###.##.# #.......#
..###'#)#.##.....###.......#
........#..#...............#
###....)##.#.......%.......#
###.....##.#.#..@...#'######
...............g>g###....#
###....###.#...g.g...###.#
..+....+.#.#.......#.###.#
###....#.#.........#.....#####
.......#.#.....#####.........#
##.#####.#.....#####.........#
##.# #.#.........+.........#
.#.# #.#..#..#####.........#


You could see 3 gnolls and a hobgoblin.

Vanquished Creatures
  A worm (D:2)
  A leopard gecko (D:1)
  2 giant cockroaches (D:1)
  5 hobgoblins
  4 jackals (D:2)
  A ball python (D:2)
  7 bats
  A frilled lizard (D:1)
  4 goblins (D:1)
  8 kobolds (D:1)
  4 rats
38 creatures vanquished.

Notes
Turn   | Place    | Note
-------+----------+-------------------------------------------
     0 | D:1      | DerDa the Mummy Wizard began the quest for the Orb.
     0 | D:1      | Reached XP level 1. HP: 13/13 MP: 5/5
    27 | D:1      | Reached skill level 1 in Conjurations
   273 | D:1      | Reached XP level 2. HP: 19/19 MP: 4/7
  1088 | D:1      | Reached XP level 3. HP: 24/24 MP: 0/9
  1229 | D:1      | Learned a level 3 spell: Mephitic Cloud
  1232 | D:1      | Learned a level 2 spell: Call Imp
  1235 | D:1      | Learned a level 2 spell: Blink
  1239 | D:1      | Learned a level 3 spell: Conjure Flame
  1592 | D:1      | Slain by a hobgoblin

Illustrated notes

Levels and vault maps discovered:
D:1:      mrwooster_arrival_arrow, layout_basic, minmay_split_cup_small
D:2:      layout_rooms, elyvilon_altar_4,
          chequers_ecumenical_altar_simple_redux, first_ration, minmay_tall_x

Skill      XL: |  1 |
---------------+----+-----
Conjurations   | 1 |  1.9
Dodging        | |  1.5
Stealth        | |  1.5
Spellcasting   | |  4.8
Summonings     | |  0.7
Translocations | |  0.7
Air Magic      | |  0.1
Poison Magic   | |  0.1

Action                   || total
-------------------------++-------
Melee: Unarmed           ||     6
       Short sword       ||    25
 Cast: Magic Dart        ||    87
  Use: Scroll            ||     3
 Stab: Sleeping          ||     1
Armor: Robe              ||    35
Dodge: Dodged            ||    48
